Unix NetHack Version 3.7.0-51 Work-in-progress - last build Mar 7 2022 13:06:07 (ce1e6a145e5d3e7dd6f4b57ba37794bc207988de,branch:master). Game began 2022-03-10 17:19:30, ended 2022-03-10 23:55:58. lew, chaotic male human Ranger - .-- | --..| | |>.@....- --....... ---.h..... |...)..... -...hh..... --........- --.#^.... .|-- .| - Lew the Trailblazer St:16 Dx:9 Co:14 In:13 Wi:14 Ch:9 Chaotic Dlvl:7 $:2373 HP:0(37) Pw:20(24) AC:8 Xp:6/428 T:2583 Latest messages: You see here a thonged club. B - 2 arrows (in quiver). You descend the stairs. You climb up the stairs. Really save? [yn] (n) Saving... Restoring save file... Hello lew, the human Ranger, welcome back to NetHack! In what direction? The arrow hits the water nymph! The water nymph picks up an arrow. In what direction? The arrow hits the water nymph. The water nymph picks up an arrow. In what direction? The arrow hits the water nymph. In what direction? You kill the water nymph! B - 3 arrows (in quiver). You descend the stairs. A lit field surrounds you! KAABLAMM!!! You triggered a land mine! You fall into a pit! You are still in a pit. You are still in a pit. You hear crashing rock. You are still in a pit. You are still in a pit. You crawl to the edge of the pit. A lit field surrounds you! The dwarf wields a broad short sword! You climb up the stairs. You descend the stairs. The hobbit throws a runed dagger! The runed dagger hits the dwarf! The dwarf zaps an iron wand! The bolt of fire hits you! Your cloak smoulders! Your scroll labeled FNORD catches fire and burns! The bolt of fire bounces! The bolt of fire hits you! Your cloak smoulders further! Your lamp catches light! Your lamp catches light! You die... Do you want your possessions identified? [ynq] (y) Do you want to see your attributes? [ynq] (y) Do you want an account of creatures vanquished? [ynaq] (y) Do you want to see your conduct and achievements? [ynq] (y) Do you want to see the dungeon overview? [ynq] (y) Major events: Turn 1: lew the chaotic male human Ranger entered the dungeon 1193: entered the Gnomish Mines 1236: attained the rank of Lookout (level 3) 2228: attained the rank of Trailblazer (level 6) 2238: destroyed nurdglaw's ghost, the former Rhizotomist 2583: killed by a bolt of fire Inventory: Coins $ - 2373 gold pieces Amulets A - a cursed amulet of restful sleep named cursed Weapons c - 45 +2 arrows d - a +0 arrow B - 51 +0 arrows (in quiver) b - a +1 bow (weapon in hand) a - a +1 dagger (alternate weapon; not wielded) Armor e - an uncursed very burnt +2 cloak of displacement (being worn) Comestibles f - 3 uncursed cram rations q - an uncursed food ration D - a cursed rotten tin of large kobold meat x - 2 uncursed tins of soup made from cave spider meat Scrolls E - an uncursed scroll of confuse monster v - an uncursed scroll of create monster h - an uncursed scroll of gold detection Spellbooks o - an uncursed spellbook of light Potions p - an uncursed potion of gain ability j - an uncursed potion of gain level Rings s - an uncursed ring of slow digestion Wands t - a wand of slow monster (0:5) Tools G - a cursed bag of tricks (0:10) F - an uncursed tooled horn i - a cursed tooled horn k - an uncursed lock pick u - an uncursed magic lamp (lit) n - an uncursed oil lamp (lit) C - an uncursed tin whistle Lew the Ranger's attributes: Background: You were a Trailblazer, a level 6 male human Ranger. You were chaotic, nominally on a mission for Mars who was opposed by Mercury (lawful) and Venus (neutral). You were in the Gnomish Mines, on level 7. You entered the dungeon 2583 turns ago. It was nighttime. You had 428 experience points, 212 more were needed to attain level 7. Basics: You had 0 out of 37 hit points. You had 20 out of 24 energy points (spell power). Your armor class was 8. Your wallet contained 2373 zorkmids. Autopickup was on for '$!?' plus thrown. Final Characteristics: Your strength was 16 (limit:18/100). Your dexterity was 9 (base:10, limit:18). Your constitution was 14 (limit:18). Your intelligence was 13 (limit:18). Your wisdom was 14 (limit:18). Your charisma was 9 (limit:18). Final Status: You had wounded legs. You were not hungry. You were unencumbered. You were wielding a bow. You were skilled in bow. Final Attributes: You were piously aligned. You were telepathic. You had automatic searching. You were displaced. You were warded. You are dead. Miscellaneous: You encountered 1 bones level. Total elapsed playing time was 27 minutes and 15 seconds. Vanquished creatures: a ghost a large dog a housecat a water nymph a rock mole a shrieker 2 gnome leaders a little dog a floating eye 2 dwarves a monkey an orc zombie a wererat an iguana a gas spore a hobbit 2 giant rats a yellow mold 9 gnomes a gnome zombie a gecko a fox a kobold 5 sewer rats 2 grid bugs 5 lichens 4 newts 50 creatures vanquished. No species were genocided or became extinct. Voluntary challenges: You were an atheist. You read items or engraved 1 time. You never engraved Elbereth. You never genocided any monsters. You never polymorphed an object. You never changed form. You used no wishes. Achievements: You entered a shop. You entered the Gnomish Mines. You attained the rank of Lookout. You attained the rank of Trailblazer. The Dungeons of Doom: levels 1 to 5 Level 1: Level 2: Some fountains, a grave. Level 3: A general store, a fountain. Level 4: A general store, some fountains. Stairs down to The Gnomish Mines. Level 5: The Gnomish Mines: levels 5 to 7 Level 5: Level 6: Final resting place for nurdglaw-Hea-Hum-Fem-Neu, killed by a boulder. Level 7: <- You were here. Final resting place for you, killed by a bolt of fire. Game over: ---------- / \ / REST \ / IN \ / PEACE \ / \ | lew | | 2373 Au | | killed by a bolt | | of fire | | | | | | 2022 | *| * * * | * _________)/\\_//(\/(/\)/\//\/|_)_______ Goodbye lew the Ranger... You died in The Gnomish Mines on dungeon level 7 with 4148 points, and 2373 pieces of gold, after 2583 moves. You were level 6 with a maximum of 37 hit points when you died.